 Dungeon Crawl Stone Soup version 0.23.2-40-g277498a (webtiles) character file.

Game seed: 7806750266104482445

156 Aisha the Firebug (level 5, -3/31 HPs)
             Began as an Octopode Fire Elementalist on Sept 26, 2019.
             Was a Follower of Dithmenos.
             Slain by a gnoll
             ... wielding a +0 flail
              (11 damage)
             ... on level 3 of the Dungeon.
             The game lasted 00:08:26 (3884 turns).

Aisha the Firebug (Octopode Fire Elementalist)      Turns: 3884, Time: 00:08:27

Health: -3/31      AC:  1    Str:  7    XL:     5   Next: 37%
Magic:  1/9        EV: 13    Int: 18    God:    Dithmenos [*.....]
Gold:   74         SH:  0    Dex: 13    Spells: 3/9 levels left

rFire    . . .     SeeInvis .   (no weapon)
rCold    . . .     Gourm    .   (no shield)
rNeg     . . .     Faith    .   (helmet restricted)
rPois    .         Spirit   .   (no amulet)
rElec    .         Reflect  .   (no ring)
rCorr    .         Harm     .   (no ring)
MR       .....                  (no ring)
Stlth    ++++......             (no ring)
HPRegen  0.10/turn              (no ring)
MPRegen  0.11/turn              (no ring)
                                (no ring)
                                (no ring)

@: very slightly contaminated, wreathed by umbra
A: almost no armour, stealthy swim, amphibious, 8 rings, constrict 8, camouflage
1, gelatinous body 1
a: Renounce Religion


You were on level 3 of the Dungeon.
You worshipped Dithmenos.
Dithmenos was aware of your devotion.
You were hungry.

You visited 1 branch of the dungeon, and saw 3 of its levels.

You collected 74 gold pieces.


Innate Abilities, Weirdness & Mutations

You cannot wear most types of armour.
You are very stealthy in the water. (Stealth+)
You are amphibious.
You can wear up to eight rings at the same time.
You can use your tentacles to constrict eight enemies at once.
Your skin changes colour to match your surroundings (Stealth+).
Your rubbery body absorbs attacks. (AC +1, EV +1)


   Skills:
 - Level 2.0 Dodging
 - Level 2.6 Stealth
 + Level 2.8 Spellcasting
 * Level 3.1 Conjurations
 * Level 4.4 Fire Magic


You had 3 spell levels left.
You knew the following spells:

 Your Spells              Type           Power        Failure   Level  Hunger
c - Conjure Flame         Conj/Fire      ###.....     11%         3    ###....
f - Throw Flame           Conj/Fire      ###...       5%          2    ##.....
z - Flame Tongue          Conj/Fire      ###..        3%          1    None

Your spell library contained the following spells:

 Spells                   Type           Power        Failure   Level  Hunger
 Inner Flame              Hex/Fire       ##......     21%         3    ###....
 Sticky Flame             Conj/Fire      ###.....     34%         4    ####...
 Fireball                 Conj/Fire      ###.......   69%         5    ######.

Inventory:

Missiles
 c - 2 javelins (quivered)
 l - a throwing net {=f}
Jewellery
 e - an uncursed ring of positive energy {unknown}
Scrolls
 a - 3 scrolls of remove curse {unknown}
 d - 2 scrolls of identify {unknown}
 g - a scroll of enchant armour {unknown}
 k - a scroll of immolation {unknown}
Potions
 f - a potion of berserk rage {unknown}
 h - a potion of flight {unknown}
 j - a potion of curing {unknown}
Comestibles
 b - 3 rations {@e1}
 i - 2 chunks of flesh

Dungeon Overview and Level Annotations

Branches:
Dungeon (3/15)

Altars:
Dithmenos
Qazlal

#.#.######## .###.......#
#.#.######.### .# ##)##
#.....# .# #### #.....# .#
#.....# ##.# #.....# ...#
#.....#.######..#
####.##..@gS.g..#
#.#########s## ### #)# #.#
. ##.###.##### ##.##
..####..........####.g.####
.s'..)..........g.......>.+
..####...##.###.####...####
. ##..###.# #.# #..##
#.(.....# #.# #.##


You could see 2 gnolls, a giant cockroach and a ball python.


Message History

The gnoll hits you with a +0 flail.
* * * LOW HITPOINT WARNING * * *
Casting: Flame Tongue (safe; 3% risk of failure)
Confirm with . or Enter, or press ? or * to list all spells.
Aiming: Flame Tongue (safe; 3% risk of failure)
Press: ? - help, Shift-Dir - straight line, f/p - gnoll
Aim: a gnoll, wielding a +0 flail (heavily wounded)
The flame tongue hits the gnoll but does no damage.
The gnoll is heavily wounded.
You are feeling hungry.
Some of the chunks of flesh in your inventory have rotted away.
Found a stone staircase leading down.
Casting: Flame Tongue (safe; 3% risk of failure)
Confirm with . or Enter, or press ? or * to list all spells.
Aiming: Flame Tongue (safe; 3% risk of failure)
Press: ? - help, Shift-Dir - straight line, f/p - gnoll
Aim: a gnoll, wielding a +0 flail (heavily wounded, umbra)
The flame tongue hits the gnoll.
The gnoll is almost dead.
The gnoll hits you with a +0 flail.
* * * LOW HITPOINT WARNING * * *
Casting: Flame Tongue (safe; 3% risk of failure)
Confirm with . or Enter, or press ? or * to list all spells.
Aiming: Flame Tongue (safe; 3% risk of failure)
Press: ? - help, Shift-Dir - straight line, f/p - gnoll
Aim: a gnoll, wielding a +0 flail (severely wounded, umbra)
The flame tongue hits the gnoll but does no damage.
The gnoll is severely wounded.
The gnoll hits you with a +0 flail!
You die...

Skill      XL: |  1  2  3  4  5 |
---------------+----------------+-----
Conjurations   | 2 3 |  3.1
Fire Magic     | 4 |  4.4
Dodging        | |  2.0
Stealth        | |  2.6
Spellcasting   | |  2.8

Action                   |  1- 3 |  4- 6 || total
-------------------------+-------+-------++-------
Melee: Unarmed           |    56 |    28 ||    84
       Constrict         |    15 |     6 ||    21
       Tentacles         |     8 |     8 ||    16
 Cast: Flame Tongue      |    34 |    30 ||    64
       Throw Flame       |     3 |    16 ||    19
 Stab: Sleeping          |     7 |     3 ||    10
  Eat: Chunk             |     5 |     5 ||    10
Armor: Skin              |    10 |     3 ||    13
Dodge: Dodged            |    56 |    35 ||    91

Levels and vault maps discovered:
D:1:      dpeg_arrival_shrine, layout_basic
D:2:      layout_basic, lemuel_crystal_altar, nicolae_overflow_hidden_temple,
          minmay_misc_feat_cross
D:3:      minmay_spotlight, layout_loops_corners, uniq_jessica

Notes
Turn   | Place    | Note
-------+----------+-------------------------------------------
     0 | D:1      | Aisha the Octopode Fire Elementalist began the quest for
                  | the Orb.
     0 | D:1      | Reached XP level 1. HP: 11/11 MP: 3/3
   587 | D:1      | Reached XP level 2. HP: 8/17 MP: 3/5
   757 | D:1      | Learned a level 2 spell: Throw Flame
  1785 | D:2      | Reached XP level 3. HP: 21/21 MP: 2/6
  1817 | D:2      | Reached skill level 2 in Conjurations
  2003 | D:2      | Found a shadowy altar of Dithmenos.
  2029 | D:2      | Became a worshipper of Dithmenos the Shadowed
  2041 | D:2      | Found a stormy altar of Qazlal.
  2322 | D:2      | Reached XP level 4. HP: 27/27 MP: 1/7
  2812 | D:2      | Reached skill level 4 in Fire Magic
  3449 | D:3      | Learned a level 3 spell: Conjure Flame
  3583 | D:3      | Reached XP level 5. HP: 31/31 MP: 6/9
  3627 | D:3      | Reached * piety under Dithmenos
  3696 | D:3      | Reached skill level 3 in Conjurations
  3884 | D:3      | Slain by a gnoll

Vanquished Creatures
  5 gnolls
  6 adders (D:2)
  A dart slug (D:2)
  3 leopard geckos
  An orc (D:3)
  7 giant cockroaches
  2 hobgoblins
  7 kobolds
  4 quokkas
  A ball python (D:3)
  4 bats
  3 frilled lizards (D:2)
  2 goblins
  5 rats
51 creatures vanquished.

Table legend:
 A = Turns spent in this place as a percentage of turns spent in the entire game.
 B = Non-inter-level travel turns spent in this place as a percentage of non-inter-level travel turns spent in the entire game.
 C = Inter-level travel turns spent in this place as a percentage of turns spent in this place.
 D = Turns resting spent in this place as a percentage of non-inter-level travel turns spent in this place.
 E = Turns spent auto-exploring this place as a percentage of non-inter-level travel turns spent in this place.
 F = Non-inter-level travel turns spent in this place divided by the number of levels of this place that you've seen.
                   A       B       C       D       E      F
               +-------+-------+-------+-------+-------+----------------------
         Total | 100.0 | 100.0 |   4.1 |  46.5 |  40.6 | 1241.3
       Dungeon | 100.0 | 100.0 |   4.1 |  46.5 |  40.6 | 1241.3
               +-------+-------+-------+-------+-------+----------------------

Table legend:
 A = Non-vault XP
 B = Vault XP
 C = Vault XP percentage of total XP
 D = Non-vault monster count
 E = Vault monster count
 F = Vault count percentage of total count
                 A         B        C        D         E       F
            +---------+---------+-------+---------+---------+-------
      Total |     221 |       2 |   0.9 |      50 |       1 |   2.0
            +---------+---------+-------+---------+---------+-------
        D:1 |      31 |       0 |   0.0 |      11 |       0 |   0.0
        D:2 |     128 |       0 |   0.0 |      28 |       0 |   0.0
        D:3 |      62 |       2 |   3.1 |      11 |       1 |   8.3
            +---------+---------+-------+---------+---------+-------
